[Event "61st Mongolian-ch Open 2023"]
[Site "Khovd"]
[Date "2023.05.22"]
[Round "2.3"]
[White "Munkhzul, Turmunkh"]
[Black "Amilal Munkhdalai"]
[Result "0-1"]
[ECO "B32"]
[WhiteElo "2318"]
[BlackElo "2141"]
[Annotator "TA"]
[PlyCount "72"]
[EventDate "2023.05.22"]
[EventType "tourn"]
[EventCountry "MGL"]
[SourceTitle "playchess.com"]
[Source "ChessBase"]
[SourceQuality "1"]
[TimeControl "40/5400+30:1800+30"]

1. e4 c5 2. Nf3 Nc6 3. d4 cxd4 4. Nxd4 Qc7 5. c4 Nf6 6. Nc3 Nxe4 7. Nxe4 Qe5 8. Nb5 {[%emt 0:04:13][%cal Bd4b5,Bb5c3,Bc3a4,Ba4c3][%mdl 32] Strongly threatening Qd5. B32: Sicilian: Löwenthal and Kalashnikov Variations.} Qxe4+ 9. Be2 {[%emt 0:02:52] Threatens to win with Nc7+.} Qe5 {[%emt 0:00:13] Against Nc7+} (9... Qxg2 $2 10. Bf3 Qh3 11. Nc7+ Kd8 12. Nxa8 $18) 10. f4 {[%emt 0:02:40] The position is equal.} Qb8 11. O-O a6 12. Nc3 {[%emt 0:01:08][%mdl 1024] White has compensation.} e6 13. Be3 {[%emt 0:03:04] [#] Against Bc5} Qc7 $146 ({Predecessor:} 13... Be7 14. Qe1 O-O 15. f5 Qe5 16. Bd3 Nb4 17. Rd1 Bc5 18. Bxc5 Qxc5+ 19. Kh1 Nxd3 20. Rxd3 Qxc4 {1-0 Lercel,M (2123)-Stoma,P (2121) POL-chT U19 30th 1999}) 14. Na4 d6 15. Bb6 Qe7 16. Qd2 Bd7 (16... g6 $1 $14) 17. Nc3 $36 {[%emt 0:03:23][%mdl 2048] Keeping Black busy.} g6 18. Rad1 f5 {[%emt 0:01:24] Against Ne4} (18... Bg7 $16) 19. Bf3 {[%emt 0:04:05][%cal Oc3d5] Nd5! would be deadly.} Qf7 20. Rfe1 Be7 {[%emt 0:01:41] [#]} 21. Nd5 $1 {[%emt 0:08:56][%mdl 512] Black must now prevent Nc7+.} exd5 (21... O-O 22. c5) 22. Bxd5 Qf6 (22... Qg7 $16 {was called for.}) 23. c5 $2 ({White should try} 23. b4 $18) 23... dxc5 $1 $11 24. Bxc5 {[%emt 0:01:11][%mdl 8192] [#]} (24. Bxc6 $11 {and White has nothing to worry.} Qxc6 25. Qc3) 24... O-O-O $1 $19 25. Rxe7 Nxe7 26. Bd4 Qd6 27. Bxh8 (27. Bxb7+ $142 Kxb7 28. Bxh8 Qxd2 29. Rxd2) 27... Qxd5 28. Qe1 Qe4 ({Stronger than} 28... Qxa2 29. Qxe7 Rxh8 30. Qxd7+ Kb8 31. Qd6+ Ka8 32. Qf6 $17) 29. Qa5 $2 (29. Be5 Bc6 30. Rxd8+ Kxd8 31. Qxe4 Bxe4 32. Kf2) 29... Nc6 ({Worse is} 29... Rxh8 30. Qc3+ Kb8 31. Qxh8+ Kc7 32. Qd4 Qxd4+ 33. Rxd4 $17) (29... Qe3+ $142 30. Kh1 Rxh8) 30. Qc3 Qxf4 31. Bf6 Re8 32. Bd4 Qg4 33. Rc1 Be6 {[%emt 0:02:15][%cal Oe6d5] aiming for ...Bd5!} 34. Qc5 {[%emt 0:00:14] Dodges Bd5} Rd8 {[%emt 0:00:50] Prevents Qd6.} 35. Be3 Bd5 36. Qc2 Be4 {[%emt 0:00:10] Weighted Error Value: White=0.74/Black=0.39} 0-1

[Event "61st Mongolian-ch Open 2023"]
[Site "Khovd"]
[Date "2023.05.22"]
[Round "2.4"]
[White "Amartuvshin, Ganzorig"]
[Black "Gan-Erdene, Sugar"]
[Result "1/2-1/2"]
[ECO "D37"]
[WhiteElo "2407"]
[BlackElo "2420"]
[Annotator "TA"]
[PlyCount "177"]
[EventDate "2023.05.22"]
[EventType "tourn"]
[EventCountry "MGL"]
[SourceTitle "playchess.com"]
[Source "ChessBase"]
[SourceQuality "1"]
[TimeControl "40/5400+30:1800+30"]

1. d4 Nf6 2. c4 e6 3. Nf3 d5 4. Nc3 a6 5. cxd5 exd5 6. Bg5 {[%emt 0:00:07] D37: Queen's Gambit Declined: 5 Bf4.} Be6 7. e3 Nbd7 8. Bd3 {[%emt 0:00:13] White is slightly better.} Bd6 9. O-O O-O 10. Bf4 Qe7 11. h3 c6 12. Re1 h6 13. Qc2 Rfe8 14. a3 a5 15. Ne5 Rac8 {[%emt 0:04:04] [#]} 16. Qd2 $146 ({Predecessor:} 16. Bh2 b5 17. f4 Nb6 18. Rac1 Bd7 19. Bg3 b4 20. axb4 axb4 21. Na4 Nxa4 22. Qxa4 {1-0 Baryshpolets,A (2609)-Graif,W (2123) Continental op 48th 2018 (4)}) 16... Bc7 17. Nxd7 Qxd7 18. Na4 Qe7 19. Bxc7 Qxc7 20. b4 axb4 21. axb4 b5 22. Nc5 Ra8 23. Qc3 {[%emt 0:00:21] White is more active.} Qd6 24. Nb7 Qd7 25. Rxa8 Rxa8 26. Na5 Rc8 $1 27. Rc1 Ne4 $1 28. Bxe4 (28. Qc2 $14 {feels stronger.}) 28... dxe4 $11 {[%emt 0:00:04] The position is equal.} 29. Nb3 ({Don't play} 29. Nxc6 Kh7 30. Qc5 Bd5 31. Qxb5 Bxc6 $17) 29... Bd5 30. Nc5 Qd6 31. Ra1 Re8 32. Ra7 g5 33. Qa1 Kg7 34. Qd1 Re7 35. Rxe7 Qxe7 {[%emt 0:00:03][%mdl 4096] Endgame KQB-KQN} 36. Qg4 Kg6 37. Qc8 Kg7 {[%emt 0:01:21] Prevents Qg8+.} 38. Qb8 h5 39. Kf1 Bc4+ 40. Ke1 Bd5 41. Kd2 Qf6 42. Ke2 Qe7 {[%emt 0:04:07] Inhibits Qc7.} 43. f4 exf3+ 44. gxf3 Qf6 45. e4 Bc4+ 46. Ke3 Bf1 47. Qh2 Kh6 48. Nb7 Qe6 49. h4 Qb3+ 50. Kf2 {[%emt 0:00:06] [#] Threatens to win with hxg5+.} Qb2+ 51. Kg1 Qc1 {[%emt 0:01:40] ( -> ...Bc4+)} 52. hxg5+ Kxg5 {[%emt 0:00:28] Strongly threatening ...Be2+.} 53. Qe5+ Kg6 54. Qf5+ Kg7 {[%emt 0:00:19] ...Bh3+ is the strong threat.} 55. Qxh5 Bc4+ 56. Kf2 Qd2+ 57. Kg3 Qxd4 58. Qg5+ Kh7 59. Qc5 Qg7+ 60. Kf4 Qh6+ 61. Qg5 Qh2+ 62. Ke3 Qe2+ 63. Kd4 Qxf3 64. Qh4+ Kg6 65. Kc5 f5 66. exf5+ Qxf5+ 67. Kb6 Bd5 68. Qg3+ Kf6 69. Qd6+ Qe6 70. Qf8+ Kg6 71. Nc5 Qg4 72. Qd6+ Kg5 73. Qe5+ Kg6 74. Nd3 {[%emt 0:00:17][%cal Oe5d5] Hoping for Qxd5!} Qe4 75. Nf4+ Kf7 76. Qc7+ Ke8 77. Nxd5 cxd5 {[%emt 0:00:55] KQ-KQ} 78. Qc6+ Ke7 79. Kxb5 Qd3+ 80. Kb6 Qd4+ 81. Kb5 Qd3+ 82. Kb6 Qd4+ 83. Qc5+ Qxc5+ 84. Kxc5 (84. bxc5 $5 d4 $8 85. c6 $11) 84... d4 {[%emt 0:00:13][%mdl 64] [#] aiming for ...d3. Deflection} 85. Kxd4 {[%emt 0:00:08] KP-K} Kd6 86. b5 Kc7 87. Kc5 Kb7 88. b6 Kb8 89. Kd4 {[%emt 0:15:44] Weighted Error Value: White=0.06 (flawless) /Black=0.03 (flawless)} 1/2-1/2

[Event "61st Mongolian-ch Open 2023"]
[Site "Khovd"]
[Date "2023.05.22"]
[Round "2.5"]
[White "Munguntuul, Batkhuyag"]
[Black "Enkhnar, Enkhbaatar"]
[Result "1-0"]
[ECO "B41"]
[WhiteElo "2408"]
[BlackElo "2360"]
[Annotator "TA"]
[PlyCount "119"]
[EventDate "2023.05.22"]
[EventType "tourn"]
[EventCountry "MGL"]
[SourceTitle "playchess.com"]
[Source "ChessBase"]
[SourceQuality "1"]
[TimeControl "40/5400+30:1800+30"]

1. e4 c5 2. Nf3 a6 3. c4 e6 4. d4 cxd4 5. Nxd4 Nf6 6. Bd3 Nc6 7. Nf3 Bb4+ {[%emt 0:01:42] B41: Sicilian: Kan Variation: 5 c4.} 8. Nc3 d5 9. exd5 exd5 {[%emt 0:00:20] The position is equal.} 10. O-O dxc4 11. Bxc4 {[%emt 0:00:58] [#]} O-O $146 ({Predecessor:} 11... Qxd1 12. Nxd1 O-O 13. a3 Bd6 14. h3 Ne5 15. Nxe5 Bxe5 16. Bd2 b5 17. Bb3 Bf5 {0-1 Mesfin,L-Lungu,N (2270) Africa-chT 8th rapid 2003 (10)}) 12. h3 Na5 13. Bd3 Be6 14. Bg5 h6 {[%emt 0:01:14] Hoping for ...Bxc3.} 15. Bh4 Rc8 16. Rc1 Nc4 17. Qe2 {[%emt 0:01:46] Threatens to win with Ne4.} Be7 (17... Re8 $11) 18. Rfd1 $1 $16 {[%emt 0:06:11] Strongly threatening Bxf6.} Qb6 {[%emt 0:03:13] [#]} 19. Ne4 (19. Na4 $142 $1 Qb4 20. Nd4) 19... Nxe4 {[%emt 0:04:08] This costs Black the game.} (19... Nxb2 $2 20. Rb1 Nxe4 21. Rxb2 (21. Qxb2 Qxb2 22. Rxb2 Nc3 $17) 21... Bxh4 22. Qxe4 (22. Rxb6 Bxf2+ 23. Kf1 Ng3+ 24. Kxf2 Nxe2 $18) 22... Bxf2+ 23. Rxf2 $18) (19... Rfd8 $16) 20. Qxe4 $18 (20. Bxc4 Bxh4 21. Nxh4 Rxc4 22. Rxc4 Nxf2 23. Qxf2 Qxf2+ 24. Kxf2 Bxc4 $17) (20. Bxe7 Qxf2+ 21. Qxf2 Nxf2 22. Kxf2 Nxb2 $11) 20... f5 {[%emt 0:00:15] [#]} 21. Qe2 (21. Qd4 $2 Bc5 22. Qf4 Nxb2 $19) 21... Bxh4 (21... Nxb2 22. Rb1 (22. Bxe7 Nxd1 23. Qxd1 Rxc1 $16) 22... Ba3 23. Be7 $18 (23. Rd2 Bd5 $11)) 22. Nxh4 Rfe8 (22... Nxb2 $2 23. Rb1 $18) 23. Rxc4 (23. Bxc4 Bxc4 24. Qf3 Qf6 25. Nxf5 Be6 26. Rxc8 Rxc8 $11) 23... Bxc4 24. Bxc4+ Kh7 25. Qd3 Re4 $2 (25... Rxc4 {was necessary.} 26. Qxc4 Re4) 26. Bd5 (26. Nxf5 Rcxc4 27. g4 Qb5 $16) (26. Bf7 Rf4 27. Bg6+ (27. Nxf5 Qxf2+ 28. Kh2 Rxf5 $11) 27... Kg8 28. Qd5+ (28. Qd7 Rf8 $16) 28... Kh8 $18) 26... Rf4 27. Nxf5 (27. Qg3 $142 g5 28. Nxf5) 27... Qxf2+ 28. Kh1 {[%emt 0:00:37][%cal Bg1h1,Bh1h2,Bh2g3][%mdl 32] Black must now prevent Ne7+.} Qc2 (28... Rxf5 $2 29. Be4 (29. Bxb7 Re8 $16) 29... Rcf8 30. g4 $18 (30. Bxf5+ Qxf5 31. Qxf5+ Rxf5 $11)) 29. Bxb7 Qxd3 (29... Rxf5 $2 30. Qxc2 (30. Bxc8 Qxc8 31. b4 Qe6 $16) 30... Rxc2 31. Be4 $18 (31. Bxa6 g6 $16)) 30. Rxd3 Rc1+ 31. Kh2 Rc7 32. Nd6 ({Inferior is} 32. Bxa6 Rxf5 33. Rd8 g6 $11) 32... a5 33. Be4+ Kg8 34. Kg3 g5 35. b3 Re7 36. Bd5+ Kg7 37. a3 h5 38. Bf3 h4+ 39. Kh2 Kf6 (39... Kf8 $142 40. Rc3 Re5) 40. Nc4 Ra7 41. Rd6+ Kg7 42. a4 Rf5 43. Be4 Rc5 44. Re6 Kf7 45. Rh6 {[%emt 0:00:42] Rh7+ is the strong threat.} Kg8 {[%emt 0:00:37] Prevents Rh7.} 46. Bf3 Kg7 47. Rb6 Rf7 48. Ra6 Rff5 49. Bg4 Rfd5 50. Be6 Rd4 51. Nxa5 {[%emt 0:03:48] Nc4 would be deadly.} Rc2 52. Bg4 Rdd2 53. Bf3 Rc3 (53... Rf2 $142) 54. Nc4 {[%emt 0:02:35] White is clearly winning.} Ra2 55. Ne5 Ra1 56. Rg6+ Kf8 57. Rxg5 Rxb3 58. Ng6+ Kf7 59. Rg4 {[%emt 0:02:07] Repels Rb4. And now Bd5+ would win.} Rba3 60. Bc6 {[%emt 0:00:41] Weighted Error Value: White=0.17 (very precise) /Black=0.33} 1-0

[Event "61st Mongolian-ch Open 2023"]
[Site "Khovd"]
[Date "2023.05.22"]
[Round "2.6"]
[White "Bilguun, Sumiya"]
[Black "Munkhgal, Gombosuren"]
[Result "1/2-1/2"]
[ECO "C02"]
[WhiteElo "2474"]
[BlackElo "2463"]
[Annotator "TA"]
[PlyCount "152"]
[EventDate "2023.05.22"]
[EventType "tourn"]
[EventCountry "MGL"]
[SourceTitle "playchess.com"]
[Source "ChessBase"]
[SourceQuality "1"]
[TimeControl "40/5400+30:1800+30"]

1. e4 e6 2. d4 d5 3. e5 c5 4. c3 Nc6 5. Nf3 Bd7 6. Be2 f6 7. O-O fxe5 8. dxe5 Qc7 9. Bf4 Nge7 10. Re1 h6 11. c4 g5 (11... d4 $5 ) 12. Nc3 a6 (12... O-O-O $11 13. Bg3 Be8) 13. Bg3 $14 (13. cxd5 {is more complex.} Nxd5 14. Nxd5 exd5 15. Qxd5 gxf4 16. e6) 13... d4 $2 {[%emt 0:00:52] [#]} ({Black should play} 13... dxc4 $1 $14 14. Ne4 (14. Bxc4 O-O-O $14) 14... O-O-O) 14. Nd5 $1 $18 (14. Ne4 Nf5 $11) 14... Qa5 $2 (14... exd5 $2 15. e6 Qc8 16. Nxg5 hxg5 17. exd7+ Qxd7 18. Bg4 $18) (14... Qb8 15. Bd3 Kd8) 15. Nf6+ (15. Nd2 $142 Bg7 16. Nb3) 15... Kd8 $18 16. Bd3 Kc7 17. a3 Rd8 18. b4 Qb6 (18... cxb4 $2 19. axb4 Qxb4 20. Nd5+ Nxd5 21. cxd5 $18) 19. Nd5+ exd5 $2 (19... Nxd5 20. cxd5 cxb4) 20. e6+ $18 Kc8 21. exd7+ Rxd7 22. cxd5 Rxd5 23. Bc4 Qd8 24. bxc5 Nf5 25. Qb3 Na5 26. Bxd5 {[%emt 0:00:07] White threatens Be6+ and mate.} Nxb3 27. Be6+ Qd7 28. Bxd7+ Kxd7 29. Rab1 Nxc5 30. Ne5+ ({Not} 30. Be5 Rh7 31. Nxd4 Rf7 $18) 30... Kc7 31. Nf7+ Nxg3 32. Nxh8 Nge4 33. Rbd1 (33. Ng6 $142 Bg7 34. f3) 33... Bg7 34. Ng6 Kd6 (34... Bf6 $16 {keeps fighting.} 35. f3 Nc3) 35. Ne7 $18 Kxe7 36. f3 Kd6 37. fxe4 b5 (37... Be5 {was necessary.} 38. g3 b5) 38. Kf2 $18 Ke5 39. Kf3 Bf8 40. Rb1 h5 (40... Na4 $16 41. Rec1 Nc3) 41. h3 Na4 42. Rec1 {[%emt 0:03:00] Rc8 would be deadly.} Bxa3 $2 (42... Bc5 $16 {is a better defense.} 43. g3 Nc3) 43. Rc6 g4+ $2 (43... Nc5 44. Ra1 Bb4) 44. hxg4 $18 hxg4+ 45. Kxg4 {[%emt 0:01:49] Black must now prevent Kf3.} Kxe4 46. Re6+ Kd5 47. Rxa6 Nc3 48. Rf1 Bc5 49. Rf5+ Kc4 50. Rc6 Na4 51. Kf3 b4 52. Ke2 $2 (52. Rh5 $18 {has better winning chances.}) 52... b3 $16 {[%emt 0:00:37] Hoping for ...b2.} 53. Kd2 {[%emt 0:01:13] Strongly threatening g4.} b2 {[%emt 0:03:20] [#]} 54. Rfxc5+ $1 Nxc5 $11 55. Kc2 Kd5 56. Rb6 d3+ 57. Kd2 (57. Kxb2 Na4+ 58. Kb3 Nxb6 59. Kc3 Ke4 60. Kd2 Nc4+ 61. Kd1 Ke3 62. g4 Na3 63. Kc1 d2+ 64. Kb2 d1=Q 65. Kc3 Qa4 66. g5 Qc4+ 67. Kb2 Qb4+ 68. Ka2 Nc4 69. g6 Qb2#) 57... Na4 $1 58. Rb8 Kc4 59. g4 Kd4 60. g5 Nc5 $1 {[%emt 0:00:27] ...Ne4+ is the strong threat.} 61. g6 Ne4+ 62. Ke1 d2+ 63. Ke2 Kc3 {[%emt 0:00:30][%cal Oe4f2] aiming for ...Nf2!} (63... Nc3+ $2 64. Kxd2 b1=Q 65. Rxb1 Nxb1+ 66. Kc2 $18) 64. g7 Nf6 65. Kd1 Ng8 {[%emt 0:00:19][%mdl 64] Promotion} 66. Rc8+ (66. Rxg8 {leads to mate.} b1=Q+ 67. Ke2 d1=Q+ 68. Ke3 Qd4+ 69. Kf3 Qf1+ 70. Kg3 Qdf4#) 66... Kd3 67. Rb8 {[%emt 0:00:09][%cal Ob8b2] White wants to mate with Rxb2!} (67. Rxg8 $2 b1=Q#) 67... Kc3 68. Rxb2 {[%emt 0:00:09][%mdl 64] Deflection} Kxb2 69. Kxd2 Kb3 70. Kd3 Kb4 71. Kd4 Kb5 72. Kd5 Kb6 73. Ke6 Kc7 74. Kf7 Nh6+ 75. Kf8 (75. Kg6 $5 Ng8 $8 76. Kh7 Nf6+ 77. Kg6 $11) 75... Kd7 76. g8=Q Nxg8 1/2-1/2

[Event "61st Mongolian-ch Open 2023"]
[Site "Khovd"]
[Date "2023.05.22"]
[Round "3.1"]
[White "Bulgankhan Ganzorig"]
[Black "Munkhzul, Turmunkh"]
[Result "0-1"]
[ECO "E05"]
[WhiteElo "2017"]
[BlackElo "2318"]
[Annotator "TA"]
[PlyCount "126"]
[EventDate "2023.05.22"]
[EventType "tourn"]
[EventCountry "MGL"]
[SourceTitle "playchess.com"]
[Source "ChessBase"]
[SourceQuality "1"]
[TimeControl "40/5400+30:1800+30"]

1. d4 Nf6 2. c4 e6 3. Nf3 d5 4. g3 Be7 5. Bg2 O-O 6. O-O dxc4 7. Qc2 a6 8. a4 Bd7 9. Qxc4 Bc6 10. Bg5 Nbd7 {[%emt 0:01:43] E05: Open Catalan: 5 Nf3 Be7.} 11. Rd1 h6 12. Bxf6 Nxf6 {[%emt 0:00:33] The position is equal.} 13. Nbd2 a5 14. Rac1 Bb4 15. Ne5 Bxg2 16. Kxg2 c6 17. Qd3 Qe7 {[%emt 0:09:11] [#]} 18. Ne4 $146 ({Predecessor:} 18. Ndc4 Rad8 19. Qf3 Nd5 20. Nd3 Nf6 21. e3 Rfe8 22. h4 Nd7 23. Rc2 Ra8 24. Rcc1 {0-1 Cheparinov,I (2686)-Nihal,S (2620) Capechecs Online Trophy f rapid 2020 (2.1)}) 18... Nd5 19. Nc5 Rfd8 20. Qf3 Nf6 21. Nb3 Nd7 22. Nd3 e5 23. e4 (23. Nxb4 {keeps more tension.} Qxb4 24. d5 Nb6 25. dxc6 bxc6 26. Rxd8+ Rxd8 27. Rxc6 Nxa4 28. Rc7) 23... exd4 24. Nxd4 {[%emt 0:00:15] Excellent horsemanship.} (24. Nxb4 {simplifies} axb4 25. Nxd4 g6 26. Qe3) 24... Nf6 {[%emt 0:02:49][%mdl 64] Discovered Attack} 25. Nf5 (25. Nxb4 $11 axb4 26. Nf5) 25... Qxe4 $15 26. Qxe4 (26. Nxb4 {seems wilder.} Rxd1 27. Rxd1 axb4 28. b3) 26... Nxe4 27. Nxb4 $1 Rxd1 (27... axb4 28. Rxd8+ Rxd8 29. Rc4 $11) 28. Rxd1 {[%emt 0:00:38] Threatens to win with Nc2.} axb4 {[%emt 0:00:21][%mdl 4160] Endgame Discovered Attack. KRN-KRN} 29. Rd4 Nc5 30. Rg4 g6 ({Much weaker is} 30... Rxa4 $6 31. Rxg7+ Kf8 32. Rh7 $15) 31. Nxh6+ (31. b3 $142) 31... Kg7 $17 32. Nf5+ Kf6 33. Nd6 Rxa4 ({Inferior is} 33... Nxa4 34. Rxb4 b5 35. Re4 $11) 34. Rf4+ (34. h4 {was necessary.}) 34... Ke7 $2 (34... Ke6 $19 {and Black stays clearly on top.} 35. Ne4 Nd3 36. Ng5+ Kd5 37. Rxf7 Nxb2 38. Rxb7 c5) 35. Nc8+ Ke6 36. Nb6 Ra5 37. Rd4 {[%emt 0:03:42] Wards off Nd3} (37. Rxb4 $15 Ra2 38. h4) 37... b3 $1 $19 38. Nc8 $2 (38. h4 {is a better defense.}) 38... f5 (38... Ra2 $142 39. Rd6+ Ke5) 39. Rd6+ Kf7 {[%emt 0:00:25] Strongly threatening ...Ra2.} 40. Nb6 {[%emt 0:00:00] [#]} (40. Rd2 $142) 40... Ra1 $1 {[%emt 0:00:00] aiming for ...Rc1.} 41. Nc4 Re1 (41... Rc1 $19 {is more deadly.} 42. Ne5+ Ke7) 42. h4 Re4 43. Nd2 Re5 (43... Ra4 $142 44. Kf3 Ra2) 44. Rd8 (44. Kf1 $17) 44... Rd5 $2 (44... Re1 $19 {And now ...Rc1 would win.} 45. Kf3 Rc1) 45. Rxd5 $11 cxd5 {[%emt 0:00:04] KN-KN} 46. Nf3 Kf6 47. Kf1 Nd3 48. Nd4 Nxb2 {[%emt 0:00:14] ...Ke5 would be deadly.} 49. Nxb3 Ke5 50. Ke2 b6 51. Ke3 (51. f3 $11) 51... Nd1+ (51... Nc4+ $17 52. Kd3 Nb2+ 53. Kd2 Nc4+ 54. Kd3 b5) 52. Ke2 Nc3+ 53. Kd3 (53. Ke3 $1 $11) 53... Ne4 $17 {[%emt 0:00:38] White must now prevent ...Nc5+.} 54. Ke3 Nf6 55. Nc1 $2 (55. Kd3 $17) 55... Ng4+ $19 56. Ke2 {[%emt 0:01:14] [#]} Kd4 $1 57. Nd3 Ne5 58. Nf4 (58. Nb4 $142 Ke4 59. f4) 58... b5 {[%emt 0:01:25][%cal Bb6b5,Bb5b4,Bb4b3][%mdl 32] Hoping for ...b4.} 59. Kd2 b4 60. h5 gxh5 61. Nxh5 b3 {[%emt 0:01:04] Black mates.} 62. Ng7 Nc4+ 63. Kd1 Ke5 {[%emt 0:10:58] Weighted Error Value: White=0.59/Black=0.25 (precise)} (63... Kc3 $142 64. Ke2 b2 65. Kf3 b1=Q 66. Kf4 Qe4+ 67. Kg5 Qe7+ 68. Kg6 Ne5+ 69. Kxf5 Qxg7 70. f4 Nd7 71. Ke6 Kd4 72. Kd6 Nc5 73. Kc6 Qb7+ 74. Kd6 Qd7#) 0-1

[Event "61st Mongolian-ch Open 2023"]
[Site "Khovd"]
[Date "2023.05.22"]
[Round "3.2"]
[White "Amilal Munkhdalai"]
[Black "Chinguun, Sumiya"]
[Result "1/2-1/2"]
[ECO "B36"]
[WhiteElo "2141"]
[BlackElo "2298"]
[Annotator "TA"]
[PlyCount "66"]
[EventDate "2023.05.22"]
[EventType "tourn"]
[EventCountry "MGL"]
[SourceTitle "playchess.com"]
[Source "ChessBase"]
[SourceQuality "1"]
[TimeControl "40/5400+30:1800+30"]

1. e4 c5 2. Nf3 d6 3. d4 cxd4 4. Nxd4 Nf6 5. f3 Nc6 6. c4 Nxd4 7. Qxd4 g6 8. Nc3 Bg7 9. Be3 O-O 10. Qd2 Be6 11. Rc1 Qa5 12. b3 Rfc8 13. Be2 {[%emt 0:01:21] 13.Bd3 is the fancy move.} Rab8 {[%emt 0:03:46] B36: Sicilian: Maroczy Bind: Gurgenidze System.} 14. Nd5 Qxd2+ 15. Kxd2 (15. Bxd2 {simplifies} Nxd5 16. exd5 Bd7 17. Kf2) 15... Nxd5 {[%emt 0:00:14] White has an edge.} 16. cxd5 Bd7 17. Bxa7 Ra8 {[%emt 0:03:36] [#] ...Bh6+ would be deadly. The position is equal.} 18. Rxc8+ Bxc8 19. Rc1 $1 {[%emt 0:00:10][%cal Oa2a4] Black must now prevent a4!} Bd7 {[%emt 0:00:08] Inhibits a4.} 20. Be3 {[%emt 0:07:06] Against Bh6} Rxa2+ 21. Kd1 {[%emt 0:00:25] [#] Threatens to win with Rc7.} Ra1 {[%emt 0:04:03] [#]} 22. Rxa1 $146 ({Predecessor:} 22. g4 f5 23. Rxa1 Bxa1 24. exf5 gxf5 25. g5 Kf7 26. h4 e5 27. dxe6+ Bxe6 28. Kc2 Bd5 29. h5 {1-0 Zwirs,N (2443)-Sukandar,I (2408) Amsterdam Batavia Grolsch 12th 2020 (3)}) 22... Bxa1 $11 {[%emt 0:00:07][%mdl 4096] Endgame KBB-KBB} 23. Kc2 f5 24. Bb6 fxe4 25. fxe4 Kf7 26. Kd3 Be5 27. g3 Kf6 28. Ke3 h5 29. Bd4 Be8 30. Bf1 g5 31. Bh3 g4 32. Bf1 Bd7 33. b4 b5 {[%emt 0:00:26] Weighted Error Value: White=0.04 (flawless) /Black=0.00 (flawless)} 1/2-1/2

[Event "61st Mongolian-ch Open 2023"]
[Site "Khovd"]
[Date "2023.05.22"]
[Round "3.3"]
[White "Gan-Erdene, Sugar"]
[Black "Erdene, Ganzorig"]
[Result "1-0"]
[ECO "E64"]
[WhiteElo "2420"]
[BlackElo "2278"]
[Annotator "TA"]
[PlyCount "47"]
[EventDate "2023.05.22"]
[EventType "tourn"]
[EventCountry "MGL"]
[SourceTitle "playchess.com"]
[Source "ChessBase"]
[SourceQuality "1"]
[TimeControl "40/5400+30:1800+30"]

1. d4 Nf6 2. c4 g6 3. Nf3 Bg7 4. g3 c5 5. d5 d6 6. Nc3 a6 7. a4 e5 8. Bg2 O-O 9. O-O {[%emt 0:01:05] E64: King's Indian: Fianchetto: 6...c5 7 d5.} Bg4 {[%emt 0:00:50] [#]} 10. a5 $146 ({Predecessor:} 10. Ne1 Qc8 11. a5 Bh3 12. Na4 Bxg2 13. Nxg2 Nbd7 14. Bd2 Re8 15. Qc2 e4 16. Rab1 Ne5 {0-1 Ippolito,D (2397)-Epishin,V (2554) Gibraltar Masters 2007 (1)}) 10... Bxf3 (10... b5 $14) 11. exf3 {[%emt 0:08:08] White is better.} Nbd7 12. Qa4 Re8 13. Be3 Nh5 14. Ne4 Nf8 15. Rab1 {[%emt 0:02:16][%cal Ba1b1,Bb1b4,Bb4b7][%mdl 32] White is much more active. The black rooks are badly placed.} f5 16. Nc3 Nd7 17. Rfc1 Rc8 18. b4 e4 19. fxe4 cxb4 20. Rxb4 Ne5 (20... f4 $142 21. Ba7 (21. gxf4 Nc5 $16) (21. Bxf4 Nxf4 22. gxf4 Nc5 $14) (21. Rxb7 fxe3 22. Qxd7 exf2+ 23. Kf1 Qxd7 $11) 21... Rf8) 21. Ne2 Nd3 22. Rxb7 {[%emt 0:00:24] [#] Threatens to win with Rcb1.} Nxc1 23. Nxc1 Nf6 $2 (23... Rb8 $16 24. Rxb8 Qxb8) 24. Bb6 {[%emt 0:00:43] Weighted Error Value: White=0.11 (very precise) /Black=0.21 (precise)} 1-0